woodfighter, neutral female human Healer ------------- -`.........`| ----- |...@a`.....| |...| |...-----...| #....| |.If|.{.|...| ###|<..| |..`.{.{|`..| # ----- |...|.{.|...| ### +...-----...| # |.....`......######## |`.........`| ------------- woodfighter the Empiric Experience level: 4 Strength: 10 Dexterity: 8 Constitution: 18 Intelligence: 11 Wisdom: 13 Charisma: 17 Health: 0(44) Energy: 33(33) Def: 3 Gold: 2099 Moves: 1354 Dungeon seed: Ud_XECreSE_cOuYz Game ID: woodfighter_1508614181 Your Inventory: Coins $ - 2099 gold pieces Weapons a - a +0 scalpel (weapon in hand) Armor e - an uncursed +1 pair of leather gloves (being worn) n - an uncursed +0 pair of kicking boots (being worn) Comestibles k - 6 blessed eucalyptus leaves l - a blessed sprig of wolfsbane m - 3 blessed cloves of garlic o - 3 uncursed apples Scrolls p - an uncursed scroll of water q - an uncursed scroll of scare monster Spellbooks h - a blessed spellbook of healing j - a blessed spellbook of stone to flesh Potions c - an uncursed potion of healing d - a blessed potion of extra healing f - an uncursed potion of extra healing t - a cursed potion of fruit juice v - an uncursed potion of see invisible B - an uncursed potion of speed Wands g - a wand of sleep (0:7) w - a wand of enlightenment (0:11) Tools b - an uncursed stethoscope Spells and supernatural/magical abilities: Name Level Category Fail Memory h - healing 1 healing 6% 94% x - extra healing 3 healing 30% 94% S - stone to flesh 3 healing 45% 94% W - pray for help -- divine ? -- Your skills at the end: Miscellaneous Skills wands [Basic] Weapon Skills knife [Basic] Spellcasting Skills healing spells [Basic] Final Attributes: You were devoutly aligned. You were poison resistant. You were very stealthy. You are dead. Vanquished creatures: 2 fire ants a dwarf a jitterbug a gas spore a hobbit 2 yellow molds a red mold 2 gnomes 2 jackals 2 newts a goblin 3 grid bugs 2 lichens 2 kobold zombies 23 creatures vanquished. Voluntary challenges: You did not adorn yourself with jewelry or accessories. You did not cause conflict. You were not invisible. You did not have reflection. You were not displaced. You were an atheist. You used a wielded weapon 6 times, starting on turn 32. You did not use containers. You did not apply a unicorn horn. You did not use plumbed fixtures. You were illiterate. You never genocided any monsters. You never polymorphed an object. You never changed form. You used no wishes. You never split a pudding. You never wrote Elbereth's name. You never violated your personal moral code. Dungeon overview: The Dungeons of Doom: levels 1 to 5 Level 1 a fountain a long staircase Level 2 some fountains Level 3 a sink Level 4 a fountain stairs to The Gnomish Mines Level 5 <- You were here many fountains The Gnomish Mines: Level 5 stairs to The Dungeons of Doom History has recorded: On T:1 you entered the Dungeons of Doom to retrieve the Amulet of Yendor! On T:107 you reached level 2 of The Dungeons of Doom. On T:515 you reached level 3 of The Dungeons of Doom. On T:534 you advanced to experience level 2. On T:900 you advanced to experience level 3. On T:976 you reached level 4 of The Dungeons of Doom. On T:1081 you reached level 5 of The Dungeons of Doom. On T:1171 you reached level 1 of The Gnomish Mines. On T:1183 you advanced to experience level 4. Score breakdown: Gold: 500 ( 50 points) Experience: 4 levels ( 300 points) Exploration: 5 levels ( 120 points) Discoveries: 7 items ( 350 points) Variety of kills: 14 monsters ( 700 points) Major goal: (nothing yet) ( 0 points) Survival: died (score multiplied by 3) Total score: 4560 Latest messages: The housecat misses something. The fire ant jumps, nimbly evading your kick. The housecat misses something. The fire ant bites! (2x) You're on fire! One of your potions of healing boils and explodes! One of your potions of extra healing boils and explodes! The fire ant bites! (2x) You're on fire! Your spellbook of extra healing catches fire and burns! You feel better. The housecat misses something. The fire ant bites! (2x) You're on fire! One of your potions of healing boils and explodes! One of your potions of extra healing boils and explodes! You kick the fire ant. The housecat misses something. The fire ant bites! (2x) You're on fire! The housecat misses something. You hear some noises in the distance. The fire ant bites! You die... Final status: Goodbye woodfighter the Healer, killed by a fire ant... You died in The Dungeons of Doom on dungeon level 5 with 4560 points, and 2099 pieces of gold, after 1354 moves. You were level 4 with a maximum of 44 hit points when you died.